 Dungeon Crawl Stone Soup version 0.30-a0-930-gb9d0489357 (webtiles) character file.

Game seed: 5440222674279446801

52 croobank the Firebug (level 3, 0/25 HPs)
             Began as a Demonspawn Fire Elementalist on Mar 23, 2023.
             Slain by an orc wizard
             ... wielding a +0 dagger
              (1 damage)
             ... on level 2 of the Dungeon.
             The game lasted 00:05:58 (1981 turns).

croobank the Firebug (Demonspawn Fire Elementalist) Turns: 1981, Time: 00:05:59

Health: 0/25       AC:  3    Str:  7 (8)  XL:     3   Next: 60%
Magic:  2/6        EV: 12    Int: 19 (20) God:
Gold:   162        SH:  0    Dex: 11 (13) Spells: 3/6 levels left

rFire   + . .      SeeInvis .    a - +0 short sword
rCold   . . .      Faith    .    (no shield)
rNeg    . . .      Spirit   .    e - +0 robe
rPois   .          Reflect  .    h - +0 helmet
rElec   .          Rampage  .    (no cloak)
rCorr   .                        (no gloves)
Will    .....                    (no boots)
Stlth   ++                       (no amulet)
HPRegen 0.24/turn                m - ring of protection from fire
MPRegen 0.10/turn                (no ring)

@: no status effects
A: powered by pain 1, big brain 1
a: no special abilities


You were on level 2 of the Dungeon.
You visited 1 branch of the dungeon, and saw 2 of its levels.

You collected 162 gold pieces.

Inventory:

Hand Weapons
 a - a +0 short sword (weapon)
 d - a +0 dagger
 l - a +0 hand axe
Missiles
 j - 4 poisoned darts
Armour
 c - a +0 leather armour
 e - a +0 robe (worn)
 h - a +0 helmet (worn)
Jewellery
 m - a ring of protection from fire (left hand)
Scrolls
 g - a scroll of noise {unknown}
 i - a scroll of magic mapping {unknown}
 k - a scroll of summoning {unknown}
 n - a scroll of identify {unknown}
 o - a scroll of brand weapon {unknown}


   Skills:
 + Level 0.3 Fighting
 + Level 2.2 Dodging
 + Level 2.3 Stealth
 + Level 2.4 Spellcasting
 + Level 1.6 Conjurations
 + Level 3.0 Fire Magic


You had 3 spell levels left.
You knew the following spells:

 Your Spells              Type           Power      Damage    Failure   Level
a - Foxfire               Conj/Fire      44%        2x1d6     6%          1
b - Scorch                Fire           26%        2d6       7%          2

Your spell library contained the following spells:

 Spells                   Type           Power      Damage    Failure   Level
 Inner Flame              Hex/Fire       8%         N/A       26%         3
 Kindle Blastsparks       Fire/Tloc/Air  12%        2d11      32%         3
 Flame Wave               Conj/Fire      11%        2d6       52%         4


Dungeon Overview and Level Annotations

Branches:
Dungeon (2/15)

Altars:


Innate Abilities, Weirdness & Mutations

You sometimes gain a little power by taking damage.
You have an unusually large brain. (Int +2)


Message History

You are confused.
You bump into the rock wall.
The orc wizard hits you with a +0 dagger.
* * * LOW HITPOINT WARNING * * *
You're too confused to cast spells.
Sorry, you're not good enough to have a special ability.
Unknown command.
You bump into the rock wall.
The orc wizard hits you with a +0 dagger.
* * * LOW HITPOINT WARNING * * *
You're too confused to cast spells.
Unknown command.
You're too confused to cast spells.
Sorry, you're not good enough to have a special ability.
You bump into the rock wall.
You hear some strange, mumbled words.
Something tries to affect you, but you resist.
You aren't carrying any potions.
Unknown command.
The orc wizard closely misses you.
You bump into the rock wall.
You feel less confused.
The orc wizard points at you and mumbles some strange words.
You are confused.
You barely miss the orc wizard.
The orc wizard is almost dead.
The orc wizard closely misses you. Something hits you.
* * * LOW HITPOINT WARNING * * *
You closely miss the orc wizard.
The orc wizard is almost dead.
The orc wizard completely misses you.
You bump into the rock wall.
The orc wizard barely misses you. Something hits you.
* * * LOW HITPOINT WARNING * * *
You're too confused to cast spells.
You closely miss something.
You feel less confused.
The orc wizard hits you but does no damage.
Something hits you.
You die...

### ... #.# #.# #.# #.#
#S# #.# #.#.###@#
#.....{o## ##+##
#......o.# ##...##
#.#.####.###.....## #
#..# #.##.......## ###
#.#...##.#.........###..
#......).'.........'....
#.#...##.#.........###..
#........##.......## #.#


You could see an orc wizard and an orc.

Vanquished Creatures
  An adder (D:2)
  A dart slug (D:2)
  An orc (D:2)
  An endoplasm (D:1)
  2 giant cockroaches (D:2)
  3 goblins (D:1)
  3 hobgoblins (D:1)
  5 jackals (D:1)
  A kobold (D:1)
  4 quokkas
  5 ball pythons
  2 bats (D:1)
  6 frilled lizards
  2 rats
37 creatures vanquished.

Vanquished Creatures (others)
  42 foxfires
42 creatures vanquished.

Grand Total: 79 creatures vanquished

Notes
Turn   | Place    | Note
-------+----------+-------------------------------------------
     0 | D:1      | croobank the Demonspawn Fire Elementalist began the quest
                  | for the Orb.
     0 | D:1      | Reached XP level 1. HP: 13/13 MP: 3/3
   402 | D:1      | Gained mutation: You have an unusually large brain. (Int
                  | +2) [demonic ancestry]
   402 | D:1      | Reached XP level 2. HP: 19/19 MP: 1/5
   522 | D:1      | Learned a level 2 spell: Scorch
  1143 | D:1      | Gained mutation: You sometimes gain a little power by
                  | taking damage. [demonic ancestry]
  1143 | D:1      | Reached XP level 3. HP: 18/24 MP: 1/6
  1441 | D:1      | Reached skill level 3 in Fire Magic
  1735 | D:2      | Identified the +6 mace "Huoshrip" {protect, rElec Will+
                  | Dex+4}
  1980 | D:2      | HP: 1/25 [something (3)]
  1981 | D:2      | Slain by an orc wizard

Illustrated notes

Levels and vault maps discovered:
D:1:      elethiomel_arrival_quiet, layout_loops_corners, kennysheep_crisscross,
          st_stairs_13
D:2:      layout_loops_corners, uniq_crazy_yiuf_cottage, uniq_sigmund

Skill      XL: |  1  2  3 |
---------------+----------+-----
Stealth        | 2 |  2.3
Dodging        | 2 |  2.2
Fire Magic     | 3 |  3.0
Fighting       | |  0.3
Spellcasting   | |  2.4
Conjurations   | |  1.6

Action                     || total
---------------------------++-------
  Melee: Unarmed           ||     3
         Short sword       ||    26
   Cast: Foxfire           ||    27
         Scorch            ||    18
    Use: Potion            ||     2
   Stab: Sleeping          ||     2
 Armour: Robe              ||    12
  Dodge: Dodged            ||    24

Table legend: (Time is in decaauts)
 A = Elapsed time spent in this place.
 B = Non-inter-level travel time spent in this place.
 C = Inter-level travel time spent in this place.
 D = Time resting spent in this place.
 E = Time spent auto-exploring this place.
 F = Levels seen in this place.
 G = Mean time per level.
                   A        B        C        D        E       F      G
               +--------+--------+--------+--------+--------+-----+--------+
         Total |   1980 |   1925 |     55 |    502 |   1028 |   2 |  990.0 |
       Dungeon |   1980 |   1925 |     55 |    502 |   1028 |   2 |  990.0 |
               +--------+--------+--------+--------+--------+-----+--------+

Top non-repeatable levels by time:
     D:1: 1506 daAuts
     D:2: 473 daAuts
